[Event "Late-Titled-Tuesday-Blitz-October-10-2023"]
[Site "Chess.com"]
[Date "2023.10.10"]
[Round "6"]
[White "elcala"]
[Black "Dr_crypt"]
[Result "0-1"]
[WhiteElo "1759"]
[BlackElo "2399"]
[TimeControl "180+1"]
[EndTime "15:00:11 PDT"]
[Termination "Dr_crypt won by resignation"]

1. d4 Nf6 2. Nf3 e6 3. Bf4 c5 4.
c3 b6 5. e3 cxd4 6. cxd4 Bb7 7.
Nbd2 d6 8. Bb5+ Nbd7 9. O-O Be7 10. Re1 O-O 11. e4 Rc8 12. e5 dxe5 13. dxe5 Nd5 14. Bg3 Nc5 15. Rc1 a6 16. Bc4 b5 17. Bxd5 Bxd5 18.
Nb3 Nxb3 19. axb3 Rxc1 20. Qxc1 Bxb3 21. Qc3 Bd5 22. Nd4 Qc8 23. Qd3 Qb7 24. f3 Rd8 25. Qe3 Bc5 26. Bf2 Bxf3 27. gxf3 Bxd4 28. Qxd4 Rxd4 29.
Bxd4 Qxf3 30. Bf2 Qg4+ 31. Kh1 h5 32. Re3 h4 33. b3 h3 34. Rg3 Qe4+ 35. Kg1 Qb1+ 0-1

[Event "Late-Titled-Tuesday-Blitz-October-10-2023"]
[Site "Chess.com"]
[Date "2023.10.10"]
[Round "6"]
[White "arturdailima"]
[Black "ritanovikova"]
[Result "1/2-1/2"]
[WhiteElo "2298"]
[BlackElo "2106"]
[TimeControl "180+1"]
[EndTime "15:00:16 PDT"]
[Termination "Game drawn by agreement"]

1. c4 c5 2. Nc3 Nc6 3. g3 g6 4.
Bg2 Bg7 5. Nf3 Nf6 6. d4 cxd4 7.
Nxd4 O-O 8. O-O d6 9. Nxc6 bxc6 10. Bxc6 Rb8 11. Bg2 a6 12. Qc2 Qc7 13. b3 Bf5 14.
e4 Be6 15. Bb2 Nd7 16. Nd5 Bxd5 17. Bxg7 Kxg7 18. exd5 Nf6 19. Rfe1 Rfe8 20. Re2 a5 21. Rae1 Kf8 22. Qc1 Ng8 23. h4 a4 24. Qc3 axb3 25.
axb3 Qb6 26. Re3 Nf6 27. Bf3 Rb7 28. h5 Reb8 29. hxg6 hxg6 30. Kg2 Qxb3 31. Qxb3 Rxb3 32. Rxe7 g5 33. Rc7 g4 34. Bd1 Rb1 35. Ree7 Rxd1 36. Rxf7+ Kg8 37. Rxf6 Rd4 38. Rxd6 Rf8 39. Rg6+ Kh8 40.
Rh6+ Kg8 41. Rg6+ Kh8 42. d6 Rd2 43. Rh6+ Kg8 44. Rg6+ Kh8 45. Rxg4 Rfxf2+ 46. Kg1 Rg2+ 47. Kf1 Rgf2+ 48. Ke1 Rfe2+ 49. Kf1 1/2-1/2

[Event "Late-Titled-Tuesday-Blitz-October-10-2023"]
[Site "Chess.com"]
[Date "2023.10.10"]
[Round "6"]
[White "jaskol95"]
[Black "kuli4ik"]
[Result "0-1"]
[WhiteElo "2572"]
[BlackElo "2924"]
[TimeControl "180+1"]
[EndTime "15:00:18 PDT"]
[Termination "kuli4ik won by resignation"]

1. e4 g6 2. d4 Bg7 3. Nc3 d6 4.
Bf4 a6 5. Qd2 b5 6. a3 Bb7 7. f3 Nd7 8. Be2 c5 9. d5 Ngf6 10. Nh3 O-O 11. Nf2 c4 12. O-O Rc8 13.
Bh6 Nc5 14. Bxg7 Kxg7 15. Ncd1 e6 16. dxe6 Nxe6 17. Ne3 Qb6 18. Rad1 Rfd8 19. Nd5 Bxd5 20. exd5 Nc7 21. Qc3 Re8 22. Rd2 Re3 23. Bd3 Nxd5 0-1

[Event "Late-Titled-Tuesday-Blitz-October-10-2023"]
[Site "Chess.com"]
[Date "2023.10.10"]
[Round "6"]
[White "flukeyNZ"]
[Black "McCarthyStone"]
[Result "0-1"]
[WhiteElo "2251"]
[BlackElo "2430"]
[TimeControl "180+1"]
[EndTime "15:00:20 PDT"]
[Termination "McCarthyStone won by checkmate"]

1. d4 Nf6 2. c4 b6 3. Nc3 Bb7 4. Qc2 d5 5. cxd5 Nxd5 6. e4 Nxc3 7. bxc3 e5 8. Nf3 exd4 9. cxd4 Bb4+ 10. Bd2 Bxd2+ 11.
Qxd2 Bxe4 12. Qe3 Qe7 13. Be2 O-O 14. O-O Nd7 15. Nd2 Rfe8 16. Bb5 c6 17. Bc4 Nf6 18.
Rfe1 Qd6 19. f3 Bd5 20. Qc3 h6 21. Rad1 a5 22. Ne4 Nxe4 23. fxe4 Rxe4 24. Rxe4 Bxe4 25. Qb3 Qg6 26. g3 b5 27. Be2 Bd5 28. Qb2 Qe4 29.
Qd2 Qg2# 0-1

[Event "Late-Titled-Tuesday-Blitz-October-10-2023"]
[Site "Chess.com"]
[Date "2023.10.10"]
[Round "6"]
[White "baki83"]
[Black "Hrant_ChessMood"]
[Result "0-1"]
[WhiteElo "2815"]
[BlackElo "2939"]
[TimeControl "180+1"]
[EndTime "15:00:28 PDT"]
[Termination "Hrant_ChessMood won by resignation"]

1. e4 c5 2. Nf3 Nc6 3. Bb5 g6 4. O-O Bg7 5. Nc3 e5 6. Bxc6 dxc6 7. a3 Qe7 8. b4 Nf6 9. bxc5 O-O 10. a4 Bg4 11. h3 Bxf3 12. Qxf3 Nd7 13. Ba3 Rfd8 14. Qe3 Nf8 15. Ne2 Ne6 16. Rab1 Rd7 17. d3 Bf8 18. Nc1 Nd4 19. Rb2 Qh4 20. Qg3 Qf6 21. f4 exf4 22.
Rxf4 Qe5 23. c3 Ne6 24. Rf3 Bxc5+ 25. Bxc5 Qxc5+ 0-1

[Event "Late-Titled-Tuesday-Blitz-October-10-2023"]
[Site "Chess.com"]
[Date "2023.10.10"]
[Round "6"]
[White "The_Princess_Moon"]
[Black "MaxLeto"]
[Result "1-0"]
[WhiteElo "2306"]
[BlackElo "2486"]
[TimeControl "180+1"]
[EndTime "15:00:29 PDT"]
[Termination "The_Princess_Moon won by resignation"]

1. e4 c5 2. Nf3 d6 3. c3 Nf6 4. h3 Nbd7 5. Bd3 b6 6. Bc2 Bb7 7. Qe2 g6 8. O-O Bg7 9. d4 e5 10.
d5 O-O 11. c4 Nh5 12. Bg5 Qe8 13. Ba4 h6 14. Bd2 Nf4 15. Bxf4 exf4 16. Nc3 g5 17.
Rfe1 Qe7 18. Bxd7 Qxd7 19. e5 Rae8 20. e6 fxe6 21. dxe6 Qc8 22. Nd5 Be5 23. e7 Rf5 24. Nxe5 Rxe5 25. Nf6+ Kf7 26. Nxe8 Rxe2 27. Nxd6+ Kxe7 28. Nxc8+ Bxc8 29. Rxe2+ 1-0

[Event "Late-Titled-Tuesday-Blitz-October-10-2023"]
[Site "Chess.com"]
[Date "2023.10.10"]
[Round "6"]
[White "annacramling"]
[Black "NovikovaGalina"]
[Result "0-1"]
[WhiteElo "2204"]
[BlackElo "2419"]
[TimeControl "180+1"]
[EndTime "15:00:32 PDT"]
[Termination "NovikovaGalina won by resignation"]

1. d4 e5 2. dxe5 d6 3. exd6 Bxd6 4. Nf3 Nc6 5. Nc3 Bg4 6. e4 Qe7 7. Be2 O-O-O 8. O-O Bxf3 9. Bxf3 Bxh2+ 10. Kxh2 Rxd1 11. Rxd1 Nf6 12. Bg5 Ne5 13. Rd5 c6 14. Ra5 b6 15.
Bxf6 gxf6 16. Ra4 Nxf3+ 17. gxf3 Rg8 18. Ne2 Qe5+ 19. Ng3 Qxb2 20. Rd1 Qxc2 21. Rf1 Qxa4 0-1

[Event "Late-Titled-Tuesday-Blitz-October-10-2023"]
[Site "Chess.com"]
[Date "2023.10.10"]
[Round "6"]
[White "Alex_Sahakyan2006"]
[Black "temus_galaktionov"]
[Result "1-0"]
[WhiteElo "2753"]
[BlackElo "2876"]
[TimeControl "180+1"]
[EndTime "15:00:34 PDT"]
[Termination "Alex_Sahakyan2006 won by checkmate"]

1. e4 c6 2. d4 g6 3. Nc3 Bg7 4. Nf3 d6 5. a4 Nd7 6. Bc4 e5 7.
dxe5 dxe5 8. Be3 Ngf6 9. Qd6 Qe7 10. Qxe7+ Kxe7 11. a5 Ng4 12. Bg5+ Bf6 13. Bc1 Nc5 14. h3 h5 15. hxg4 hxg4 16. Rxh8 Bxh8 17. Be3 Ne6 18. Nd2 Nd4 19. O-O-O b5 20. Ba2 Be6 21. Bxe6 Kxe6 22. Nb3 Rd8 23. Bxd4 exd4 24. Ne2 c5 25.
Nxc5+ Ke5 26. f4+ gxf3 27. gxf3 g5 28. Nb3 Rc8 29. Nbxd4 a6 30. c3 g4 31. fxg4 Kxe4 32.
Rf1 Rc7 33. Kd2 Be5 34. Rh1 Rb7 35. b4 f6 36. Nc6 Rd7+ 37. Ned4 Bf4+ 38. Ke2 Rg7 39. Rg1 Rh7 40. Nf3 Rc7 41. Rd1 Be3 42. Rd6 Bc1 43. Rd4# 1-0

[Event "Late-Titled-Tuesday-Blitz-October-10-2023"]
[Site "Chess.com"]
[Date "2023.10.10"]
[Round "6"]
[White "Qvalda"]
[Black "Ramosha"]
[Result "0-1"]
[WhiteElo "2400"]
[BlackElo "2626"]
[TimeControl "180+1"]
[EndTime "15:00:36 PDT"]
[Termination "Ramosha won on time"]

1. Nf3 Nf6 2. g3 e6 3. c4 Be7 4. Bg2 O-O 5. O-O d5 6. b3 Re8 7.
Bb2 b6 8. d4 Bb7 9. Nc3 dxc4 10. bxc4 c5 11. d5 exd5 12. Nh4 Nbd7 13. cxd5 Ne5 14. d6 Bxg2 15. dxe7 Qxd1 16. Rfxd1 Bh3 17. Nd5 Nxd5 18. Rxd5 Nc4 19. Bc3 Rxe7 20. Rg5 g6 21.
e3 Rd7 22. g4 h6 23. Rxg6+ fxg6 24. Nxg6 Bxg4 25. h3 Bxh3 26. Kh2 Bf5 27. Nf4 Kh7 28. Nh5 Rf8 29. Nf6+ Rxf6 30. Bxf6 Bg6 31. Kg3 Nd6 32.
Bb2 Ne4+ 33. Kf4 Nxf2 34. e4 Nd3+ 0-1

[Event "Late-Titled-Tuesday-Blitz-October-10-2023"]
[Site "Chess.com"]
[Date "2023.10.10"]
[Round "6"]
[White "FM_Kappeler"]
[Black "Alphafischer2019"]
[Result "0-1"]
[WhiteElo "2326"]
[BlackElo "2585"]
[TimeControl "180+1"]
[EndTime "15:00:38 PDT"]
[Termination "Alphafischer2019 won by checkmate"]

1. d4 Nf6 2. c4 c5 3. d5 e5 4. Nc3 d6 5. e4 g6 6. Nf3 Bg7 7. g3 O-O 8. Bg2 a6 9. a4 Ne8 10. O-O h6 11. Ne1 f5 12. Nd3 Nd7 13.
f4 exf4 14. Nxf4 Ne5 15. Kh1 Nf6 16. exf5 Bxf5 17. Ne6 Bxe6 18. dxe6 Qe7 19. Nd5 Nxd5 20. cxd5 Rxf1+ 21. Qxf1 Rf8 22. Qe2 h5 23. Bf4 Ng4 24. Rf1 Be5 25. Bc1 Kg7 26. Bf3 Nh6 27. Bxh6+ Kxh6 28. Be4 Rxf1+ 29. Qxf1 Bxb2 30. Qb1 Bd4 31. Bxg6 b5 32. Bf7 Qf6 33. axb5 Qf3# 0-1

[Event "Late-Titled-Tuesday-Blitz-October-10-2023"]
[Site "Chess.com"]
[Date "2023.10.10"]
[Round "6"]
[White "GlavkonVVS"]
[Black "TanitoluwaAps116"]
[Result "1-0"]
[WhiteElo "2539"]
[BlackElo "2682"]
[TimeControl "180+1"]
[EndTime "15:00:41 PDT"]
[Termination "GlavkonVVS won by resignation"]

1. Nf3 Nf6 2. g3 c5 3. Bg2 Nc6 4. d3 g6 5. c4 Bg7 6. Nc3 O-O 7. a3 d6 8. Rb1 Re8 9. b4 cxb4 10. axb4 e5 11. O-O Be6 12. b5 Nd4 13. Ng5 Bc8 14. e3 Ne6 15. Nxe6 fxe6 16. Qb3 Rb8 17. Ra1 Qb6 18. Ba3 Bd7 19. Rfb1 Rec8 20. Na4 Qc7 21.
b6 axb6 22. Nxb6 Rd8 23. Nxd7 Nxd7 24. Qb5 Nc5 25. Bxc5 dxc5 26. Be4 b6 27. Ra6 Rd6 28. Rba1 Bh6 29. Ra7 Qd8 30. Ra8 Rc8 1-0

[Event "Late-Titled-Tuesday-Blitz-October-10-2023"]
[Site "Chess.com"]
[Date "2023.10.10"]
[Round "6"]
[White "Dedic8"]
[Black "GHANDEEVAM2003"]
[Result "1-0"]
[WhiteElo "2877"]
[BlackElo "3034"]
[TimeControl "180+1"]
[EndTime "15:00:45 PDT"]
[Termination "Dedic8 won by resignation"]

1. d4 e6 2. c4 c5 3. d5 exd5 4. cxd5 d6 5. Nc3 g6 6. e4 Bg7 7.
Nf3 a6 8. a4 Bg4 9. Be2 Bxf3 10.
Bxf3 Nd7 11. O-O Ne7 12. Be2 O-O 13. Bg5 h6 14. Bf4 Ne5 15. Qd2 g5 16. Bg3 f5 17.
f4 gxf4 18. Bxf4 fxe4 19. Nxe4 Nf5 20. Kh1 Qh4 21. g3 Qe7 22. Rae1 Qd7 23. Bh5 Nd4 24.
Bxe5 dxe5 25. d6 Qc6 26. Qg2 c4 27. h4 Rxf1+ 28. Rxf1 Rf8 29. Rxf8+ Bxf8 30. Be8 Qb6 31. Qf2 Bg7 32. Qf7+ Kh8 33. Nf6 1-0

[Event "Late-Titled-Tuesday-Blitz-October-10-2023"]
[Site "Chess.com"]
[Date "2023.10.10"]
[Round "6"]
[White "AlleyOoper"]
[Black "micke12a"]
[Result "1-0"]
[WhiteElo "2595"]
[BlackElo "2364"]
[TimeControl "180+1"]
[EndTime "15:00:52 PDT"]
[Termination "AlleyOoper won by resignation"]

1. c4 Nf6 2. g3 g6 3. Bg2 Bg7 4. Nc3 O-O 5. d4 c5 6. e3 cxd4 7. exd4 Nc6 8. Nge2 d6 9. h3 e5 10. d5 Ne7 11. O-O Nd7 12. Ne4 h6 13. Nxd6 Qb6 14.
Nb5 a6 15. Be3 Nc5 16. b4 axb5 17. Bxc5 Qd8 18. cxb5 b6 19. Bxe7 Qxe7 20. d6 Qa7 21. Bxa8 Qxa8 22. d7 Bb7 23. Kh2 Rd8 24. a4 Bd5 25. Nc3 Be6 26. a5 Rxd7 27. Qe2 Qc8 28. Ne4 f5 29. Rfc1 Qb7 30. a6 Qa8 31. Rc6 Bd5 32.
Nf6+ Bxf6 33. Rxf6 Kg7 34. Qxe5 Kh7 35. Rd6 Rxd6 36.
Qxd6 Bc4 37. Re1 1-0

[Event "Late-Titled-Tuesday-Blitz-October-10-2023"]
[Site "Chess.com"]
[Date "2023.10.10"]
[Round "6"]
[White "AlexandraBotez"]
[Black "CarlosjPineror"]
[Result "0-1"]
[WhiteElo "2290"]
[BlackElo "2497"]
[TimeControl "180+1"]
[EndTime "15:00:53 PDT"]
[Termination "CarlosjPineror won by checkmate"]

1. d4 Nf6 2. c4 e6 3. Nc3 Bb4 4. Bd2 O-O 5. e3 b6 6. Nf3 Bb7 7. Bd3 Qe7 8. O-O d6 9. Qc2 Nbd7 10. a3 Bxc3 11. Bxc3 e5 12. Bf5 Rae8 13. d5 g6 14. Bh3 Nh5 15. g4 Ng7 16. b4 Bc8 17. g5 f5 18. Kh1 e4 19. Bxg7 Kxg7 20. Nd4 Ne5 21.
Rg1 Rh8 22. Rac1 h6 23. gxh6+ Rxh6 24. Nxf5+ Bxf5 25. Bxf5 Reh8 26. Rg2 Nf3 27. h3 Rxh3+ 28. Bxh3 Rxh3+ 29. Rh2 Rxh2# 0-1

[Event "Late-Titled-Tuesday-Blitz-October-10-2023"]
[Site "Chess.com"]
[Date "2023.10.10"]
[Round "6"]
[White "K_alena13"]
[Black "Kostukov_Alex"]
[Result "0-1"]
[WhiteElo "2140"]
[BlackElo "2378"]
[TimeControl "180+1"]
[EndTime "15:00:55 PDT"]
[Termination "Kostukov_Alex won by resignation"]

1. Nf3 c5 2. c4 g6 3. Nc3 Bg7 4. e3 Nf6 5. d4 O-O 6. Be2 d5 7. O-O Nc6 8. dxc5 dxc4 9. Bxc4 Qa5 10. Qe2 Qxc5 11. a3 Bg4 12. b4 Qh5 13. Bb2 Ne5 14. Bd5 Nxd5 15. Nxd5 Nxf3+ 16. gxf3 Bxf3 17. Nxe7+ Kh8 18.
Bxg7+ Kxg7 19. Qb2+ f6 20. Qd4 Qh3 21. Nf5+ gxf5 22.
Qd7+ Rf7 23. Qxf7+ Kxf7 0-1

[Event "Late-Titled-Tuesday-Blitz-October-10-2023"]
[Site "Chess.com"]
[Date "2023.10.10"]
[Round "6"]
[White "Eliwood44"]
[Black "greekplayer1"]
[Result "0-1"]
[WhiteElo "2487"]
[BlackElo "2671"]
[TimeControl "180+1"]
[EndTime "15:00:56 PDT"]
[Termination "greekplayer1 won by resignation"]

1. d4 Nf6 2. Nf3 e6 3. c4 c5 4.
e3 cxd4 5. exd4 d5 6. Nc3 Nc6 7. cxd5 Nxd5 8. Bd3 Bb4 9. Bd2 O-O 10. O-O Nxc3 11.
bxc3 Be7 12. Qe2 g6 13. g3 b6 14. Be4 Bb7 15. Ne5 Rc8 16. Nxc6 Bxc6 17. Bxc6 Rxc6 18. a4 Qd5 19. a5 b5 20. a6 Rb8 21. Rfb1 Rc4 22.
Ra5 Bd8 23. Raa1 Rb6 24. h4 h5 25. Kh2 Ra4 26. Rxa4 bxa4 27. Rxb6 Bxb6 28. Bc1 Qb3 29. Qe5 Qxc3 30. Bh6 Qxd4 31. Qb8+ Qd8 32. Qxd8+ Bxd8 33. Be3 a3 34. Bxa7 Bf6 35. Bd4 Bxd4 36. a7 Bxa7 0-1

[Event "Late-Titled-Tuesday-Blitz-October-10-2023"]
[Site "Chess.com"]
[Date "2023.10.10"]
[Round "6"]
[White "Lion-Al-Messi"]
[Black "MalyDominator"]
[Result "0-1"]
[WhiteElo "2619"]
[BlackElo "2472"]
[TimeControl "180+1"]
[EndTime "15:00:57 PDT"]
[Termination "MalyDominator won on time"]

1. e4 c5 2. Nf3 d6 3. d4 cxd4 4. Nxd4 Nf6 5. Nc3 Nc6 6. Bg5 e6 7. Qd2 a6 8. O-O-O Bd7 9. f4 b5 10. Bxf6 gxf6 11. Kb1 b4 12. Nce2 Qb6 13. Nxc6 Bxc6 14. f5 e5 15. Ng3 h5 16. Bc4 h4 17.
Nf1 Qc5 18. Bd5 Bxd5 19. Qxd5 Qxd5 20. Rxd5 Bh6 21. g3 Ke7 22. gxh4 Bf4 23. Ng3 Rxh4 24. Ne2 Rah8 25. a4 Rxh2 26. Rxh2 Rxh2 27. Nxf4 exf4 28.
Rd3 Re2 29. Rf3 Rxe4 30. Ka2 d5 31. Kb3 Kd6 32. c3 a5 33. Kc2 Ke5 34. Kd2 Kxf5 35. Rh3 Kg4 36. Rh8 f3 37. Rg8+ Kf4 38. Rf8 f2 39. Rxf7 f5 0-1

[Event "Late-Titled-Tuesday-Blitz-October-10-2023"]
[Site "Chess.com"]
[Date "2023.10.10"]
[Round "6"]
[White "Langua_Chess"]
[Black "Hirna2005"]
[Result "0-1"]
[WhiteElo "2466"]
[BlackElo "2295"]
[TimeControl "180+1"]
[EndTime "15:00:57 PDT"]
[Termination "Hirna2005 won by checkmate"]

1. e4 g6 2. d4 Bg7 3. Nf3 d6 4. Nc3 a6 5. a4 Nc6 6. Bc4 Nf6 7. h3 O-O 8. O-O Nxe4 9. Bxf7+ Rxf7 10. Nxe4 e5 11. Neg5 Rf5 12. c3 h6 13. Qb3+ d5 14.
Ne4 exd4 15. Ng3 Rxf3 16. gxf3 Bxh3 17. Re1 Kh7 18. Bf4 Qf6 19. Kh2 Qxf4 20. Kxh3 Qxf3 21.
Qxb7 Rf8 22. Qxc6 Rf5 23. Kh4 Rh5+ 24. Nxh5 g5# 0-1

[Event "Late-Titled-Tuesday-Blitz-October-10-2023"]
[Site "Chess.com"]
[Date "2023.10.10"]
[Round "6"]
[White "Andrej2004"]
[Black "IPAchess"]
[Result "0-1"]
[WhiteElo "2563"]
[BlackElo "2387"]
[TimeControl "180+1"]
[EndTime "15:01:03 PDT"]
[Termination "IPAchess won by checkmate"]

1. g3 d5 2. Bg2 Nf6 3. b3 e6 4. Bb2 d4 5. Nf3 c5 6. O-O Nc6 7. e3 Be7 8. exd4 cxd4 9. d3 O-O 10. Nbd2 Re8 11. Re1 a5 12. a3 h6 13. Nc4 Ra6 14. Nfe5 Nxe5 15. Rxe5 Nd7 16. Rb5 Bf6 17. Bxb7 Bxb7 18.
Rxb7 Nc5 19. Rb5 Qc7 20. Qf3 e5 21. Qd5 Ne6 22. Rxa5 Rxa5 23. Qxa5 Qc6 24. Qb6 Qa8 25. Nd6 Rb8 26. Nb7 Rxb7 27. Qc6 Qb8 28. a4 Rc7 29.
Qd6 Qb7 30. a5 Ng5 31. a6 Nh3+ 32. Kf1 Qh1+ 33. Ke2 Rxc2# 0-1

[Event "Late-Titled-Tuesday-Blitz-October-10-2023"]
[Site "Chess.com"]
[Date "2023.10.10"]
[Round "6"]
[White "Harald_Schmidt"]
[Black "chessisveryfun1264"]
[Result "0-1"]
[WhiteElo "2360"]
[BlackElo "2591"]
[TimeControl "180+1"]
[EndTime "15:01:05 PDT"]
[Termination "chessisveryfun1264 won by resignation"]

1. e4 e6 2. d3 d5 3. Nd2 c5 4. g3 Nc6 5. Bg2 Nge7 6. Ne2 g6 7.
O-O Bg7 8. f4 O-O 9. Nf3 b5 10.
Rb1 a5 11. Be3 d4 12. Bf2 a4 13. g4 f5 14. gxf5 exf5 15. Ng3 fxe4 16. Nxe4 Qb6 17. Bg3 Nf5 18. Qd2 Bb7 19. Ne5 Nxe5 20. fxe5 Nxg3 21. hxg3 Bxe5 22. Qg5 Bg7 23. Rxf8+ Rxf8 24. Rf1 Rxf1+ 25. Kxf1 c4 26. Qe7 Bd5 27. Qe8+ Bf8 28. Qd7 Bf7 29. Ke2 cxd3+ 30. cxd3 Qe6 31. Qxe6 Bxe6 32. a3 Kg7 33. Ng5 Bb3 34. Bc6 b4 35. axb4 Bxb4 36. Kf3 Bc3 37.
Bxa4 Bxa4 38. bxc3 dxc3 39. Ke2 Bc6 40. d4 h6 41. Ne6+ Kf6 42. Nc5 Bb5+ 43. Ke3 Kf5 44. d5 Ke5 45. d6 c2 46. Kd2 Kxd6 47. Ne4+ Ke5 48. Nc3 Bd3 0-1

[Event "Late-Titled-Tuesday-Blitz-October-10-2023"]
[Site "Chess.com"]
[Date "2023.10.10"]
[Round "6"]
[White "OLDTERMINATOR"]
[Black "IngOscarArdila"]
[Result "0-1"]
[WhiteElo "1590"]
[BlackElo "2314"]
[TimeControl "180+1"]
[EndTime "15:01:06 PDT"]
[Termination "IngOscarArdila won by resignation"]

1. e4 e5 2. Nf3 Nf6 3. Nxe5 d6 4. Nf3 Nxe4 5. d4 Be7 6. Bd3 d5 7. O-O Nc6 8. c4 Nb4 9. Nc3 Nxd3 10. Qxd3 Nxc3 11. bxc3 dxc4 12. Qxc4 O-O 13. Rb1 Be6 14. Qb5 b6 15. Qh5 Qd5 16. Qxd5 Bxd5 17. Rb2 Bf6 18. Bf4 c5 19. a4 Bxf3 20. gxf3 cxd4 21. cxd4 Bxd4 22.
Rc2 Rac8 23. Rfc1 Rxc2 24. Rxc2 Bc5 25. Rd2 Re8 26. Rd7 a5 27. Bd6 Bxd6 28. Rxd6 Rb8 29.
Kf1 Kf8 30. Ke2 Ke7 31. Rd5 Rc8 32. Rb5 Rc6 33. Ke3 Kd7 34. Ke4 Kc7 35. Ke5 Rc4 36. Kd5 Rxa4 37. Rb2 Ra3 38. Rc2+ Kb7 39. f4 Rf3 40.
Re2 Rxf4 41. Re7+ Ka6 42. Ke5 Rf6 43. Kd5 a4 44. Kc4 Rf4+ 45. Kd3 a3 0-1

[Event "Late-Titled-Tuesday-Blitz-October-10-2023"]
[Site "Chess.com"]
[Date "2023.10.10"]
[Round "6"]
[White "martinez_95"]
[Black "PNEPaul"]
[Result "1-0"]
[WhiteElo "2223"]
[BlackElo "1980"]
[TimeControl "180+1"]
[EndTime "15:01:07 PDT"]
[Termination "martinez_95 won by resignation"]

1. d4 a6 2. c4 d6 3. Nc3 g6 4. e4 h6 5. Be3 Bg7 6. Qd2 Nd7 7. Nf3 e5 8. Rd1 Ne7 9. b4 c6 10. c5 dxc5 11. dxc5 a5 12. b5 O-O 13. b6 Qe8 14. Bc4 Kh7 15. Qd6 f5 16. h4 Rf6 17.
Qc7 Nf8 18. Ng5+ Kh8 19. Rd8 Bd7 20. Rxe8 Rxe8 21. Nf7+ Kh7 22. Bg5 1-0

[Event "Late-Titled-Tuesday-Blitz-October-10-2023"]
[Site "Chess.com"]
[Date "2023.10.10"]
[Round "6"]
[White "Schwindle"]
[Black "Dontmesswithme_2"]
[Result "1-0"]
[WhiteElo "2416"]
[BlackElo "2408"]
[TimeControl "180+1"]
[EndTime "15:01:19 PDT"]
[Termination "Schwindle won by resignation"]

1. e4 c5 2. Nf3 d6 3. d4 cxd4 4. Nxd4 Nf6 5. Nc3 a6 6. Be3 e5 7. Nb3 Be7 8. f3 h5 9. Nd5 Nxd5 10. exd5 Nd7 11. c4 a5 12. a4 b6 13. Be2 Qc7 14. O-O h4 15. f4 exf4 16. Rxf4 Bg5 17. Re4+ Be7 18. Bg5 Ne5 19. Bxe7 Qxe7 20. Nd4 f5 21. Nc6 Qg5 22. Rd4 h3 23. g3 O-O 24. Rf4 Bd7 25. Qd4 Bxc6 26. dxc6 Nxc6 27.
Qd5+ Rf7 28. Qxc6 1-0

[Event "Late-Titled-Tuesday-Blitz-October-10-2023"]
[Site "Chess.com"]
[Date "2023.10.10"]
[Round "6"]
[White "MMSANCHEZ"]
[Black "NigelDwarf"]
[Result "0-1"]
[WhiteElo "2743"]
[BlackElo "2559"]
[TimeControl "180+1"]
[EndTime "15:01:21 PDT"]
[Termination "NigelDwarf won by checkmate"]

1. d4 Nf6 2. Nf3 c5 3. d5 b5 4.
c4 b4 5. Bf4 d6 6. Nbd2 g6 7.
h3 Bg7 8. Rb1 Bf5 9. e4 Nxe4 10.
Nxe4 Bxe4 11. Bd3 Bxd3 12. Qxd3 O-O 13. h4 h5 14. g4 hxg4 15. Ng5 Qd7 16. h5 Qf5 17.
Qe3 Qxb1+ 18. Ke2 Qxh1 19. hxg6 f6 20. Qe6+ Kh8 21. Nf7+ Rxf7 22. Qxf7 Nd7 23. Kd2 Ne5 24.
Qxe7 Nxc4+ 25. Kc2 Qxd5 26. Bh6 Qf5+ 27. Kb3 Qd3+ 28.
Ka4 Nxb2+ 29. Ka5 Qa3+ 30. Kb5 Qa4# 0-1

[Event "Late-Titled-Tuesday-Blitz-October-10-2023"]
[Site "Chess.com"]
[Date "2023.10.10"]
[Round "6"]
[White "szachmistrz2500"]
[Black "LeninGuerra"]
[Result "0-1"]
[WhiteElo "2404"]
[BlackElo "2621"]
[TimeControl "180+1"]
[EndTime "15:01:25 PDT"]
[Termination "LeninGuerra won by checkmate"]

1. Nf3 e6 2. g3 Nf6 3. Bg2 c5 4. O-O b6 5. d3 Bb7 6. e4 d6 7. Re1 Be7 8. Qe2 O-O 9. c3 Nbd7 10. d4 cxd4 11. cxd4 e5 12. d5 Rc8 13. Nc3 Nc5 14.
Bd2 Ba6 15. Qd1 Nd3 16. Bf1 Nxe1 17. Bxa6 Nxf3+ 18. Qxf3 Rc5 19. Be3 Rc7 20. h4 Qd7 21.
Bb5 Qg4 22. Qg2 Rfc8 23. Bc6 Kf8 24. f3 Qg6 25. Nb5 Nh5 26. Kh2 Rxc6 27. dxc6 Rxc6 28. Nxa7 Rc2 29. Qxc2 Qxg3+ 30. Kh1 Qxf3+ 31. Qg2 Qxe3 32. Qg4 g6 33. Nc8 Nf4 34. Nxe7 Qxe4+ 35. Kh2 Qc2+ 36. Kh1 Kxe7 37. Re1 Kf6 38. Qg5+ Kg7 39. Rxe5 Qc1+ 40. Kh2 dxe5 41. Qxe5+ f6 42. Qe7+ Kh6 43. Kg3 Nh5+ 44. Kg4 Qf4+ 45. Kh3 Qg3# 0-1

[Event "Late-Titled-Tuesday-Blitz-October-10-2023"]
[Site "Chess.com"]
[Date "2023.10.10"]
[Round "6"]
[White "Walter_White_Poland"]
[Black "The_Straightforward_Rook"]
[Result "0-1"]
[WhiteElo "2336"]
[BlackElo "2550"]
[TimeControl "180+1"]
[EndTime "15:01:27 PDT"]
[Termination "The_Straightforward_Rook won by resignation"]

1. d4 Nf6 2. Bf4 e6 3. e3 d5 4. Nd2 Bd6 5. Bxd6 cxd6 6. Ngf3 Nc6 7. c4 O-O 8. Be2 dxc4 9. Nxc4 b5 10. Ncd2 Qb6 11. O-O Bb7 12. a4 a6 13. axb5 axb5 14. Qb3 b4 15. Nc4 Qc7 16. Rxa8 Rxa8 17. Rc1 Na5 18.
Qd1 Rc8 19. Kf1 Bxf3 20. gxf3 d5 21. Nxa5 Qxc1 22. Nb7 Qxb2 23. Nc5 Ra8 24. Kg2 Ra2 0-1

[Event "Late-Titled-Tuesday-Blitz-October-10-2023"]
[Site "Chess.com"]
[Date "2023.10.10"]
[Round "6"]
[White "Rutricks"]
[Black "Ykow"]
[Result "0-1"]
[WhiteElo "2654"]
[BlackElo "2523"]
[TimeControl "180+1"]
[EndTime "15:01:29 PDT"]
[Termination "Ykow won on time"]

1. c4 Nf6 2. g3 e5 3. Bg2 d5 4. cxd5 Nxd5 5. Qb3 Nb6 6. a4 a5 7. Nf3 Nc6 8. O-O Be7 9. Qb5 f6 10. Qb3 Qd6 11. Na3 Be6 12. Qd1 O-O 13. Nb5 Qd7 14. d4 Rfd8 15. Be3 Nc4 16. Qc1 Nxe3 17. Qxe3 Nb4 18.
Rad1 Nd5 19. Qc1 e4 20. Nd2 f5 21. Nc4 c6 22. Ne5 Qe8 23. Nc3 Bf6 24. f3 exf3 25. Bxf3 Qe7 26. Nxd5 Bxd5 27. Bxd5+ Rxd5 28. Rxf5 Rad8 29. Rd3 Rxd4 30. Nf3 Rxd3 31. exd3 Qe6 32. Rxa5 Rxd3 33.
Qf1 Qe3+ 34. Kg2 Rd2+ 35. Kh1 Rc2 36. Rf5 Rc1 0-1

[Event "Late-Titled-Tuesday-Blitz-October-10-2023"]
[Site "Chess.com"]
[Date "2023.10.10"]
[Round "6"]
[White "familijatop71"]
[Black "ferrufino64"]
[Result "0-1"]
[WhiteElo "2140"]
[BlackElo "2213"]
[TimeControl "180+1"]
[EndTime "15:01:29 PDT"]
[Termination "ferrufino64 won by resignation"]

1. e4 c5 2. Nf3 d6 3. d4 cxd4 4. Nxd4 Nf6 5. f3 e5 6. Nb3 d5 7. exd5 Qxd5 8. Qxd5 Nxd5 9. Bc4 Be6 10. O-O Nc6 11.
Re1 O-O-O 12. N1d2 f6 13. Ne4 Be7 14. Nbc5 Bf7 15.
a3 Rhe8 16. b4 Bxc5+ 17. Nxc5 b6 18. Ne4 Bg6 19. Bb5 Kc7 20. c4 Bxe4 21. fxe4 Nc3 22.
Bb2 Nxb5 23. cxb5 Nd4 24. Rac1+ Kb7 25. h3 Rc8 26. a4 Rxc1 27. Rxc1 Ne2+ 28. Kf2 Nxc1 29.
Bxc1 Rc8 30. Bd2 Rc4 31. Ke3 Rc2 32. g4 Ra2 33. a5 Ra3+ 34. Ke2 Rxh3 35. Be3 Rg3 36.
Kf2 Rxg4 37. Kf3 Rh4 38. Bf2 Rf4+ 39. Ke3 Rxf2 40. Kxf2 g6 41. Kf3 f5 42. Ke3 f4+ 43. Kf3 h5 44. Kf2 g5 45. Kf3 g4+ 46. Kf2 h4 47. Kg2 h3+ 48. Kh2 Kc7 49. Kg1 g3 50. Kf1 f3 51. Kg1 Kd6 52. Kf1 h2 0-1